 Dungeon Crawl Stone Soup version 0.23-a0-171-g5ae17c6 (webtiles) character file.

7979 HAL9000 the Blocker (level 11, 0/94 HPs)
             Began as a Minotaur Fighter on Sept 13, 2018.
             Was an Elder of Uskayaw.
             Killed by divine providence
             ... invoked by an orc priest
              (12 damage)
             ... on level 2 of the Orcish Mines.
             The game lasted 00:22:01 (9932 turns).

HAL9000 the Blocker (Minotaur Fighter)              Turns: 9932, Time: 00:22:02

Health: 0/94       AC: 18    Str: 22    XL:     11   Next: 3%
Magic:  0/19       EV:  7    Int:  5    God:    Uskayaw [****..]
Gold:   639        SH: 13    Dex: 18    Spells: 10/10 levels left

rFire    . . .     SeeInvis .   M - +5 long sword of Inquiry {elec, Dex+6}
rCold    . . .     Gourm    .   c - +0 shield
rNeg     . . .     Faith    .   N - +3 chain mail
rPois    .         Spirit   +   (helmet restricted)
rElec    .         Reflect  .   y - +0 cloak
rCorr    .         Harm     .   T - +0 pair of gloves (curse)
MR       .....                  K - +0 pair of boots
Stlth    ..........             E - amulet of guardian spirit
HPRegen  0.25/turn              O - ring of magical power
MPRegen  0.16/turn              (no ring)

@: about to teleport
A: retaliatory headbutt, horns 2
a: Stomp, Line Pass, Renounce Religion


You were on level 2 of the Orcish Mines.
You worshipped Uskayaw.
Uskayaw was noncommittal.
You were not hungry.

You visited 3 branches of the dungeon, and saw 12 of its levels.

You collected 834 gold pieces.
You spent 195 gold pieces at shops.

Inventory:

Hand Weapons
 M - the +5 long sword of Inquiry (weapon) {elec, Dex+6}
   (You bought it in a shop on level 5 of the Dungeon)

   Occasionally, upon striking a foe, it will discharge some electrical energy
   and cause terrible harm.
   It affects your dexterity (+6).
Missiles
 z - a javelin (quivered)
 W - 2 tomahawks
Armour
 c - a +0 shield (worn)
 y - a +0 cloak (worn)
 K - a +0 pair of boots (worn)
 N - a +3 chain mail (worn)
 T - a cursed +0 pair of gloves (worn)
Jewellery
 E - an amulet of guardian spirit (around neck)
 O - a ring of magical power (left hand)
Wands
 x - a wand of digging (12)
 H - a wand of paralysis (3)
 R - a wand of polymorph (3)
Scrolls
 g - a scroll of noise {unknown}
 j - 4 scrolls of remove curse
 k - 9 scrolls of identify
 n - 2 scrolls of magic mapping {unknown}
 o - a scroll of fog {unknown}
 v - 2 scrolls of immolation {unknown}
 A - 3 scrolls of amnesia
 F - 2 scrolls of enchant armour
 L - a scroll of random uselessness {unknown}
 P - 2 scrolls of blinking {unknown}
Potions
 d - a potion of might
 e - 3 potions of flight
 h - 2 potions of magic
 m - 3 potions of brilliance
 q - a potion of agility
 r - 3 potions of heal wounds
 w - 3 potions of haste
 C - 2 potions of ambrosia
 D - 4 potions of curing
 G - a potion of cancellation
 I - a potion of mutation
Miscellaneous
 U - a box of beasts
Comestibles
 f - 8 rations
 V - 5 chunks of flesh


   Skills:
 - Level 8.2 Fighting
 + Level 12.2 Long Blades
 - Level 1.7 Throwing
 - Level 8.2 Armour
 + Level 12.5 Shields


You had 10 spell levels left.
You didn't know any spells.
Your spell library contained the following spells:

 Spells                   Type           Power        Failure   Level  Hunger
 Static Discharge         Conj/Air       #.......     100%        3    ####...
 Lightning Bolt           Conj/Air       #.........   100%        5    ######.
 Ignition                 Fire           #.........   100%        8    #######
 Shatter                  Erth           #.........   100%        9    #######
 Tornado                  Air            #.........   100%        9    #######


Dungeon Overview and Level Annotations

Branches:
Dungeon (9/15)             Temple (1/1) D:7             Orc (2/2) D:9
   Lair: D:8-11         Elf: Orc:2

Altars:
Ashenzari
Cheibriados
Dithmenos
Elyvilon
Fedhas
Gozag
Hepliaklqana
Kikubaaqudgha
Makhleb
Nemelex Xobeh
Okawaru
Qazlal
Ru
Sif Muna
Trog
Uskayaw
Vehumet
Wu Jian
Xom
Yredelemnul
Zin
The Shining One

Shops:
D:5 }[(}   Orc:2 !?


Innate Abilities, Weirdness & Mutations

You reflexively headbutt those who attack you in melee.
You have a pair of horns on your head.


Message History

The orc warrior no longer looks unusually strong.
You block the orc's attack.
An orc comes into view. It is wielding a flail.
The orc warrior hits you but does no damage.
You barely miss the orc warrior.
The orc warrior is heavily wounded.
The orc barely misses you.
The orc priest mumbles some strange prayers to Beogh against you.
Beogh smites you!
* * * LOW HITPOINT WARNING * * *
You feel much better.
The orc warrior hits you with a halberd!!
* * * LOW HITPOINT WARNING * * *
You block the orc's attack. x2
As you read the scroll of teleportation, it crumbles to dust.
You feel strangely unstable. The orc hits you but does no damage.
You block the orc warrior's attack. The orc hits you but does no damage.
The orc priest invokes the aid of Beogh against you.
Beogh smites you!
You die...

................
..##.........#. . #.#
...#........#. .. #∩.∩
....))........... #o...
...#........#.. #..#.#
......).#.... .. #o....
........##.##..###o[.#.#.
.....))..)#..# ##oo......
##.#.........###@o#
#.....).....###oo##
##.......#.###..##
###.#....###..##
####..###..## ##.......##
#.......## ##.....##
###.###


You could see an orc warrior, 2 orc priests and 5 orcs.

Vanquished Creatures
  A two-headed ogre (D:8)
  2 orc knights (Orc:2)
  An orc sorcerer (Orc:2)
  2 trolls (Orc:2)
  2 hippogriffs
  Eustachio (D:5)
  Edmund (D:6)
  2 wargs
  2 water moccasins
  8 orc warriors
  A sky beast (D:6)
  7 ogres
  An ice beast (D:7)
  A centaur (D:5)
  Blork the orc (D:6)
  2 big kobolds (D:8)
  3 bullfrogs
  A scorpion (D:8)
  6 killer bees (D:8)
  4 wights
  A howler monkey (D:8)
  6 jellies
  6 crimson imps
  A bullfrog zombie (D:8)
  5 hounds
  A bullfrog skeleton (D:9)
  6 gnoll shamans
  12 orc priests
  Crazy Yiuf (D:3)
  2 iguanas (D:8)
  9 orc wizards
  6 worker ants
  A killer bee zombie (D:6)
  Robin (D:3)
  7 adders
  33 gnolls
  An ooze (D:3)
  An adder skeleton (D:7)
  A worm (D:3)
  A leopard gecko (D:2)
  24 orcs
  5 giant cockroaches
  11 goblins
  10 hobgoblins
  20 jackals
  17 kobolds
  2 quokkas (D:2)
  2 ball pythons
  4 bats
  5 frilled lizards
  A jackal skeleton (D:5)
  A leopard gecko skeleton (D:7)
  4 rats
257 creatures vanquished.

Notes
Turn   | Place    | Note
-------+----------+-------------------------------------------
     0 | D:1      | HAL9000 the Minotaur Fighter began the quest for the Orb.
     0 | D:1      | Reached XP level 1. HP: 19/19 MP: 0/0
   248 | D:1      | Found a sparkling altar of Nemelex Xobeh.
   294 | D:1      | Reached XP level 2. HP: 27/27 MP: 1/1
   463 | D:2      | Found a hazy altar of Hepliaklqana.
   573 | D:2      | Found a faded altar of an unknown god.
   709 | D:2      | Reached XP level 3. HP: 33/33 MP: 2/2
  1325 | D:3      | Noticed Robin
  1359 | D:3      | Killed Robin
  1359 | D:3      | Reached XP level 4. HP: 33/41 MP: 3/3
  1855 | D:3      | Found a runed door.
  2036 | D:3      | Noticed Crazy Yiuf
  2051 | D:3      | Killed Crazy Yiuf
  2351 | D:4      | Reached XP level 5. HP: 37/47 MP: 4/4
  2428 | D:4      | Reached skill level 5 in Fighting
  2484 | D:4      | Reached skill level 5 in Armour
  2484 | D:4      | Reached skill level 5 in Shields
  2490 | D:4      | Reached XP level 6. HP: 27/56 MP: 5/5
  2615 | D:4      | HP: 2/56 [gnoll/club (2)]
  2621 | D:4      | HP: 2/56 [gnoll/spear (2)]
  3451 | D:4      | Reached skill level 5 in Long Blades
  3455 | D:4      | Reached XP level 7. HP: 27/62 MP: 6/6
  3990 | D:4      | HP: 2/63 [gnoll/halberd (10)]
  4445 | D:5      | Entered Level 5 of the Dungeon
  4507 | D:5      | Found Suofonu's Antique Weapon Emporium.
  4534 | D:5      | Found a shadowy altar of Dithmenos.
  4627 | D:5      | Found Cufrofae's Gadget Boutique.
  4646 | D:5      | Noticed Eustachio
  4676 | D:5      | Killed Eustachio
  4729 | D:5      | Found Zuxa Fufep's Armour Emporium.
  5089 | D:5      | Reached XP level 8. HP: 71/71 MP: 7/7
  5101 | D:5      | Found Etirghex's Gadget Boutique.
  5124 | D:5      | Bought a faintly glowing long sword for 195 gold pieces
  5124 | D:5      | Identified the +5 long sword of Inquiry {elec, Dex+6} (You
                  | bought it in a shop on level 5 of the Dungeon)
  5305 | D:6      | Noticed Blork the orc
  5625 | D:6      | Killed Blork the orc
  5837 | D:6      | Found a sparkling altar of Nemelex Xobeh.
  5838 | D:6      | Found an opulent altar of Gozag.
  6074 | D:6      | Noticed Edmund
  6080 | D:6      | Killed Edmund
  6277 | D:6      | Reached XP level 9. HP: 68/81 MP: 5/8
  6328 | D:6      | Reached skill level 1 in Throwing
  6529 | D:7      | Found a staircase to the Ecumenical Temple.
  6551 | Temple   | Entered the Ecumenical Temple
  6792 | Temple   | Became a worshipper of Uskayaw the Reveler
  6849 | D:7      | Reached * piety under Uskayaw
  7017 | D:7      | Reached ** piety under Uskayaw
  7021 | D:7      | Reached *** piety under Uskayaw
  7026 | D:7      | Reached **** piety under Uskayaw
  7899 | D:8      | Reached ***** piety under Uskayaw
  8153 | D:8      | Reached skill level 10 in Shields
  8389 | D:8      | Reached XP level 10. HP: 79/88 MP: 9/9
  8417 | D:8      | Noticed a two-headed ogre
  8426 | D:8      | Killed a two-headed ogre
  8426 | D:8      | Reached skill level 10 in Long Blades
  8791 | D:9      | Found a staircase to the Orcish Mines.
  8856 | D:9      | Found a burning altar of Makhleb.
  9337 | Orc:1    | Entered Level 1 of the Orcish Mines
  9478 | Orc:2    | Entered Level 2 of the Orcish Mines
  9478 | Orc:2    | Noticed an orc sorcerer
  9489 | Orc:2    | Noticed a rust devil
  9490 | Orc:2    | Killed an orc sorcerer
  9613 | Orc:2    | Noticed an orc knight
  9631 | Orc:2    | Killed an orc knight
  9904 | Orc:2    | Found Gexoez's Distillery.
  9904 | Orc:2    | Noticed an orc knight
  9921 | Orc:2    | Found Seipec's Magic Scroll Boutique.
  9926 | Orc:2    | Killed an orc knight
  9926 | Orc:2    | Reached XP level 11. HP: 9/94 MP: 1/10
  9932 | Orc:2    | Killed from afar by an orc priest

Vault maps used:
D:1:      dpeg_arrival_snail, nemelex_diamond_rough_becter
D:2:      lemuel_round_altar, first_ration, chequers_ecumenical_altar_simple
D:3:      uniq_robin, uniq_crazy_yiuf_cottage
D:4:      lemuel_castle_with_subvaults, lightli_ossuary_entry_decrepit_ruins
D:5:      serial_shops, kennysheep_mini, shop, kennysheep_little_box,
          nicolae_shop_stone, basic_altar, dk_noncrumbling_4, uniq_eustachio
D:6:      grunt_temple_overflow_opulence, uniq_blork_the_orc, uniq_edmund
D:7:      temple_fountains
D:9:      makhleb_heckhound_becter, orc_0_dummy
Temple:   dpeg_five_rooms_temple
Orc:1:    cheibrodos_orc_bank, basic_altar
Orc:2:    pf_orc_diabolical, nicolae_orc_bridge_out

Skill      XL: |  1  2  3  4  5  6  7  8  9 10 |
---------------+-------------------------------+-----
Fighting       | 4 5 6 7 8 |  8.2
Armour         | 4 5 6 7 8 |  8.2
Shields        | 4 5 6 7 10 12 | 12.5
Long Blades    | 3 4 5 6 7 9 12 | 12.2
Throwing       | 1 |  1.7

Action                   |  1- 3 |  4- 6 |  7- 9 | 10-12 || total
-------------------------+-------+-------+-------+-------++-------
Melee: Long sword        |    91 |   148 |   336 |   139 ||   714
       Headbutt          |    13 |    27 |    56 |    30 ||   126
Throw: Javelin           |       |       |       |     2 ||     2
Invok: Stomp             |       |       |     4 |       ||     4
       Line Pass         |       |       |       |     1 ||     1
  Use: Scroll            |     2 |     3 |     8 |     3 ||    16
       Potion            |       |     4 |     1 |     2 ||     7
 Stab: Paralysed         |       |       |     8 |    11 ||    19
  Eat: Chunk             |     1 |     4 |    10 |     5 ||    20
       Ration            |       |     1 |     2 |       ||     3
Armor: Scale mail        |    54 |    47 |    75 |       ||   176
       Chain mail        |       |       |   115 |    47 ||   162
Dodge: Dodged            |    37 |    46 |   107 |    14 ||   204
Block: Shield            |    40 |    84 |   202 |    74 ||   400
       Rpst.: Long sword |     8 |    15 |    25 |     1 ||    49

Table legend:
 A = Non-vault XP
 B = Vault XP
 C = Vault XP percentage of total XP
 D = Non-vault monster count
 E = Vault monster count
 F = Vault count percentage of total count
                 A         B        C        D         E       F
            +---------+---------+-------+---------+---------+-------
      Total |    8960 |    2439 |  21.4 |     180 |      77 |  30.0
            +---------+---------+-------+---------+---------+-------
        D:1 |      20 |       0 |   0.0 |      12 |       0 |   0.0
        D:2 |      40 |       0 |   0.0 |      17 |       0 |   0.0
        D:3 |      24 |      75 |  75.8 |       9 |      13 |  59.1
        D:4 |      68 |     746 |  91.6 |       5 |      51 |  91.1
        D:5 |     548 |     185 |  25.2 |      16 |       1 |   5.9
        D:6 |    1079 |     267 |  19.8 |      16 |       2 |  11.1
        D:7 |     446 |       0 |   0.0 |      11 |       0 |   0.0
        D:8 |    3024 |       0 |   0.0 |      51 |       0 |   0.0
        D:9 |     797 |      43 |   5.1 |      14 |       1 |   6.7
      Orc:1 |     300 |       0 |   0.0 |       4 |       0 |   0.0
      Orc:2 |    2614 |    1123 |  30.1 |      25 |       9 |  26.5
            +---------+---------+-------+---------+---------+-------
